 Dungeon Crawl Stone Soup version 0.26-a0-540-g8a0c9464d7 (webtiles) character file.

Game seed: 3737186982857395190

259 Lanoc the Chopper (level 5, -5/47 HPs)
             Began as a Minotaur Delver on Aug 16, 2020.
             Was an Initiate of Makhleb.
             Slain by an iguana (7 damage)
             ... on level 3 of the Dungeon.
             The game lasted 00:02:01 (2019 turns).

Lanoc the Chopper (Minotaur Delver)                 Turns: 2019, Time: 00:02:01

Health: -5/47      AC:  3    Str: 16    XL:     5   Next: 94%
Magic:  5/5        EV: 13    Int:  7    God:    Makhleb [......]
Gold:   60         SH:  0    Dex: 13    Spells: 4/4 levels left

rFire    . . .     SeeInvis .   a - +0 hand axe
rCold    . . .     Faith    .   (no shield)
rNeg     . . .     Spirit   .   b - +0 leather armour
rPois    .         Reflect  .   (helmet restricted)
rElec    .         Harm     .   (no cloak)
rCorr    .                      (no gloves)
MR       .....                  (no boots)
Stlth    ++........             (no amulet)
HPRegen  0.15/turn              (no ring)
MPRegen  0.09/turn              (no ring)

@: no status effects
A: retaliatory headbutt, horns 2
a: Renounce Religion


You were on level 3 of the Dungeon.
You worshipped Makhleb.
Makhleb was noncommittal.
You visited 1 branch of the dungeon, and saw 3 of its levels.

You collected 60 gold pieces.

Inventory:

Hand Weapons
 a - a +0 hand axe (weapon)
 l - a +0 battleaxe
Armour
 b - a +0 leather armour (worn)
Wands
 g - a wand of digging (3)
Scrolls
 c - a scroll of fog
 d - a scroll of magic mapping
 e - a scroll of fear
 h - a scroll of remove curse {unknown}
 i - a scroll of identify {unknown}
 p - a scroll of teleportation {unknown}
Potions
 f - a potion of haste
 j - a potion of resistance {unknown}
 k - a potion of ambrosia {unknown}
 m - 2 potions of mutation {unknown}
 n - a potion of cancellation {unknown}
 o - a potion of flight {unknown}


   Skills:
 + Level 4.8 Fighting
 * Level 5.1 Axes
 + Level 3.6 Dodging
 - Level 4.1 Stealth
 + Level 2.1 Invocations


You had 4 spell levels left.
You didn't know any spells.
Your spell library was empty.

Dungeon Overview and Level Annotations

Branches:
Dungeon (5/15)
 Temple: D:4-7

Altars:
Ashenzari
Dithmenos
Kikubaaqudgha
Makhleb
Okawaru


Innate Abilities, Weirdness & Mutations

You reflexively headbutt those who attack you in melee.
You have a pair of horns on your head.


Message History

An iguana is nearby!
You start resting.
An iguana is nearby!
A hobgoblin comes into view. It is wielding a +0 club.
The hobgoblin barely misses you.
You hit the hobgoblin.
The hobgoblin is severely wounded.
The hobgoblin hits you but does no damage.
You barely miss the hobgoblin.
The hobgoblin is severely wounded.
The hobgoblin hits you with a +0 club.
You hit the iguana.
The iguana is moderately wounded.
You hit the hobgoblin but do no damage. The iguana bites you!
* * * LOW HITPOINT WARNING * * *
The hobgoblin misses you.
You hit the iguana but do no damage.
The iguana is moderately wounded.
You hit the hobgoblin but do no damage. The iguana bites you!
You die...

####### ###.....#
#######.......#
......g.>.....#
...###@l....## ...
#......#
.)....#......#
..........##.#
..........##.######
........#..........#
........#.†........#
........#..[.......#
........#.)........#


You could see an iguana and a hobgoblin.

Vanquished Creatures
  A jelly (D:5)
  2 orc priests (D:3)
  An orc wizard (D:5)
  Ijyb (D:5)
  A howler monkey zombie (D:5)
  An adder (D:4)
  7 gnolls
  A white imp (D:5)
  An adder zombie (D:5)
  A worm (D:4)
  A leopard gecko (D:5)
  6 orcs (D:3)
  A bat (D:3)
  A giant cockroach zombie (D:5)
26 creatures vanquished.

Notes
Turn   | Place    | Note
-------+----------+-------------------------------------------
     0 | D:5      | Lanoc the Minotaur Delver began the quest for the Orb.
     0 | D:5      | Reached XP level 1. HP: 19/19 MP: 0/0
    30 | D:5      | Reached skill level 3 in Axes
    30 | D:5      | Reached XP level 2. HP: 20/27 MP: 1/1
   352 | D:4      | Found a shattered altar of Ashenzari.
   352 | D:4      | Found an iron altar of Okawaru.
   352 | D:4      | Found an ancient bone altar of Kikubaaqudgha.
   352 | D:4      | Found a burning altar of Makhleb.
   355 | D:4      | Found a shadowy altar of Dithmenos.
   361 | D:4      | Became a worshipper of Makhleb the Destroyer
   382 | D:5      | Noticed Ijyb
   392 | D:5      | Paralysed by Ijyb for 4 turns
   397 | D:5      | Paralysed by Ijyb for 4 turns
   404 | D:5      | Paralysed by Ijyb for 7 turns
   416 | D:5      | Killed Ijyb
   416 | D:5      | Reached XP level 3. HP: 15/33 MP: 2/2
   586 | D:5      | Reached skill level 1 in Invocations
   586 | D:5      | Reached XP level 4. HP: 34/40 MP: 3/3
   817 | D:5      | Reached skill level 4 in Axes
  1612 | D:4      | Reached XP level 5. HP: 29/47 MP: 5/5
  1889 | D:4      | Noticed a hornet
  1930 | D:3      | Reached skill level 5 in Axes
  2018 | D:3      | HP: 1/47 [iguana (14)]
  2019 | D:3      | Slain by an iguana

Illustrated notes

Levels and vault maps discovered:
D:3:      layout_basic, uniq_crazy_yiuf_cottage
D:4:      layout_loops_cross, nicolae_overflow_hidden_temple, uniq_edmund,
          uniq_natasha
D:5:      layout_basic, kennysheep_generic_room_16, uniq_ijyb

Skill      XL: |  1  2  3  4  5 |
---------------+----------------+-----
Axes           | 3 4 5 |  5.1
Fighting       | 4 |  4.8
Invocations    | 1 2 |  2.1
Dodging        | 3 |  3.6
Stealth        | |  4.1

Action                   |  1- 3 |  4- 6 || total
-------------------------+-------+-------++-------
Melee: Hand axe          |    27 |    61 ||    88
       Headbutt          |     4 |    20 ||    24
 Stab: Sleeping          |     1 |       ||     1
Armor: Leather armour    |     8 |     8 ||    16
Dodge: Dodged            |    12 |    41 ||    53

Table legend: (Time is in decaauts)
 A = Elapsed time spent in this place.
 B = Non-inter-level travel time spent in this place.
 C = Inter-level travel time spent in this place.
 D = Time resting spent in this place.
 E = Time spent auto-exploring this place.
 F = Levels seen in this place.
 G = Mean time per level.
                   A        B        C        D        E       F      G
               +--------+--------+--------+--------+--------+-----+--------+
         Total |   2027 |   1968 |     59 |     56 |   1691 |   3 |  675.7 |
       Dungeon |   2027 |   1968 |     59 |     56 |   1691 |   3 |  675.7 |
               +--------+--------+--------+--------+--------+-----+--------+

Top non-repeatable levels by time:
     D:5: 1520 daAuts
     D:4: 383 daAuts
     D:3: 123 daAuts
